 Dungeon Crawl Stone Soup version 0.30-a0-857-gcaf70739d4 (webtiles) character file.

Game seed: 13609656272260653693

4410 Newt the Skirmisher (level 10, -5/64 HPs)
             Began as a Kobold Hunter on Mar 6, 2023.
             Was an Initiate of Hepliaklqana.
             Slain by an orc knight
             ... wielding a +0 glaive
              (18 damage)
             ... in a bailey.
             The game lasted 00:10:31 (9329 turns).

Newt the Skirmisher (Kobold Hunter)                 Turns: 9329, Time: 00:10:31

Health: -5/64      AC: 11    Str:  7    XL:     10   Next: 62%
Magic:  10/10      EV: 19    Int: 16    God:    Hepliaklqana [......]
Gold:   323        SH:  0    Dex: 21    Spells: 9/9 levels left

rFire   . . .      SeeInvis .    a - +0 shortbow
rCold   . . .      Faith    +    (shield currently unavailable)
rNeg    + . .      Spirit   .    x - +0 steam dragon scales
rPois   .          Reflect  .    (no helmet)
rElec   .          Rampage  .    (no cloak)
rCorr   .                        b - +0 pair of gloves
Will    +....                    i - +0 pair of boots
Stlth   +++                      p - amulet of faith
HPRegen 0.30/turn                y - ring of willpower
MPRegen 0.12/turn                s - ring of positive energy

@: hasted, very quick
A: small, no large weapons, nightstalker 3, iridescent scales 1, clever 1,
shaggy fur 1
a: Renounce Religion


You were in a bailey.
You worshipped Hepliaklqana.
Hepliaklqana was noncommittal.
You visited 2 branches of the dungeon, and saw 8 of its levels.
You also visited: Sewer and Bailey.

You collected 323 gold pieces.

Inventory:

Hand Weapons
 a - a +0 shortbow (weapon)
Missiles
 q - 2 throwing nets
Armour
 b - a +0 pair of gloves (worn)
 c - a +0 leather armour
 i - a +0 pair of boots (worn)
 r - a +2 buckler
 x - +0 steam dragon scales (worn)
Jewellery
 k - a ring of fire
 n - a ring of wizardry
 p - an amulet of faith (around neck)
 s - a ring of positive energy (right hand)
 y - a ring of willpower (left hand)
Wands
 l - a wand of flame (6)
 w - a wand of digging (8)
Scrolls
 u - 2 scrolls of teleportation
 v - a scroll of immolation
Potions
 d - 4 potions of mutation
 e - a potion of haste
 f - a potion of brilliance
 g - 3 potions of might
 h - 5 potions of heal wounds
 j - a potion of magic
 m - 2 potions of degeneration
 o - a potion of curing
 t - a potion of attraction
 z - a potion of lignification {unknown}


   Skills:
 - Level 8.0 Fighting
 - Level 14.0 Ranged Weapons
 + Level 3.6 Armour
 - Level 6.0 Dodging
 - Level 1.3 Stealth
 - Level 6.0 Evocations


You had 9 spell levels left.
You didn't know any spells.
Your spell library contained the following spells:

 Spells                   Type           Power      Damage    Failure   Level
 Magic Dart               Conj           0%         1d3       26%         1
 Call Imp                 Summ           0%         N/A       36%         2
 Scorch                   Fire           0%         2d5       36%         2
 Ignite Poison            Fire/Tmut/Pois 0%         N/A       58%         3
 Kindle Blastsparks       Fire/Tloc/Air  0%         2d10      58%         3
 Mephitic Cloud           Conj/Pois/Air  0%         N/A       58%         3
 Flame Wave               Conj/Fire      0%         2d4       94%         4
 Leda's Liquefaction      Hex/Erth       0%         N/A       94%         4
 Freezing Cloud           Conj/Ice/Air   0%         6-21      100%        5
 Lee's Rapid Deconstruct  Erth           0%         3d4*      100%        5
 Statue Form              Tmut/Erth      0%         N/A       100%        6
 Summon Cactus Giant      Summ           0%         N/A       100%        6


Dungeon Overview and Level Annotations

Branches:
Dungeon (7/15)             Temple (1/1) D:6           Sewer (visited)
 Bailey (1/1)

Altars:
Ashenzari
Cheibriados
Dithmenos
Elyvilon
Fedhas
Gozag
Hepliaklqana
Kikubaaqudgha
Makhleb
Nemelex Xobeh
Okawaru
Qazlal
Ru
Sif Muna
Trog
Uskayaw
Vehumet
Xom
Zin
The Shining One

Shops:
D:4 =


Innate Abilities, Weirdness & Mutations

You are small and have problems with some larger weapons.
You are completely attuned to the shadows.
You are partially covered in iridescent scales. (AC +2)
Your mind is acute. (Int +4, Str/Dex -1)
You are covered in fur. (AC +1)


Message History

The orc knight is lightly wounded.
The orc knight hits you from afar with a +0 glaive!
Aiming: Throw Flame
Press: ? - help, Shift-Dir - straight line, f/p - orc knight
Aim: an orc knight, wielding a +0 glaive and wearing a +0 crystal plate armour (lightly wounded, 74% to hit)
The puff of flame hits the orc knight but does no damage.
The orc knight is lightly wounded.
The orc knight is engulfed in a cloud of scalding steam.
The orc knight hits you but does no damage.
You feel much better.
The orc knight is engulfed in a cloud of scalding steam.
The orc knight splashes around in the water.
Aiming: Throw Flame
Press: ? - help, Shift-Dir - straight line, f/p - orc knight
Aim: an orc knight, wielding a +0 glaive and wearing a +0 crystal plate armour (steam, lightly wounded, 74% to hit)
The puff of flame hits the orc knight.
The orc knight is moderately wounded.
The orc knight splashes around in the water.
Fire: a) +0 shortbow
Press: ? - help, Q - select action, (/) - cycle Shift-Dir - straight line, f/p - orc knight
Aim: an orc knight, wielding a +0 glaive and wearing a +0 crystal plate armour (steam, moderately wounded, 72% to hit)
You shoot an arrow. The arrow hits the orc knight!
The orc knight is moderately wounded.
The orc knight is engulfed in a cloud of scalding steam.
The orc knight hits you from afar with a +0 glaive!
Fire: a) +0 shortbow
Press: ? - help, Q - select action, (/) - cycle Shift-Dir - straight line, f/p - orc knight
Aim: an orc knight, wielding a +0 glaive and wearing a +0 crystal plate armour (moderately wounded, 72% to hit)
You shoot an arrow.
The arrow hits the orc knight but does no damage.
The orc knight is moderately wounded.
Fire: a) +0 shortbow
Press: ? - help, Q - select action, (/) - cycle Shift-Dir - straight line, f/p - orc knight
Aim: an orc knight, wielding a +0 glaive and wearing a +0 crystal plate armour (moderately wounded, 72% to hit)
You shoot an arrow. The arrow barely misses the orc knight.
The orc knight hits you from afar with a +0 glaive!!
* * * LOW HITPOINT WARNING * * *
You feel yourself speed up.
The orc knight hits you from afar with a +0 glaive!!
You die...

########### #### ##......@..##
##∩∩# ##..~~~o§~~..## #..##
##..~~.....~~..## ##).#
#######..~~..###..~~..######..##
........~~..## ##..)~..........#
~~~~~~~~~..## ##..~~~)~~)~~~.#
..........## ##........))~.#
.########## ##########)~.#
.##... $$.##.~.#


You could see an orc knight.

Vanquished Creatures
  Grinder (D:6)
  Sigmund (D:3)
  Menkaure (D:4)
  A steam dragon (D:6)
  A water moccasin (D:5)
  6 orc warriors
  4 ice beasts
  4 black bears
  2 ogres
  A phantom (D:5)
  7 kobold brigands
  Blork the orc (D:5)
  A scorpion (D:6)
  A gnoll sergeant (D:6)
  A bullfrog (D:7)
  4 wights
  5 killer bees (D:7)
  A howler monkey (D:4)
  A jelly (D:4)
  6 hounds
  3 gnoll boudas
  2 orc priests
  2 iguanas
  3 orc wizards
  19 gnolls
  15 adders
  A river rat (Sewer)
  A shadow imp (D:5)
  2 white imps
  An ufetubus (D:6)
  5 worms
  2 dart slugs
  22 orcs
  11 ball pythons
  6 bats
  4 endoplasms
  6 giant cockroaches
  11 goblins
  5 hobgoblins
  5 jackals
  18 kobolds
  A quokka (D:5)
  2 frilled lizards
  7 rats
204 creatures vanquished.

Notes
Turn   | Place    | Note
-------+----------+-------------------------------------------
     0 | D:1      | Newt the Kobold Hunter began the quest for the Orb.
     0 | D:1      | Reached XP level 1. HP: 12/12 MP: 1/1
    68 | D:1      | Reached XP level 2. HP: 17/18 MP: 2/2
   571 | D:1      | Reached XP level 3. HP: 22/23 MP: 3/3
  1113 | D:2      | Found a sparkling altar of Nemelex Xobeh.
  1885 | D:3      | Found a glowing drain.
  1886 | D:3      | Noticed Sigmund
  1892 | Sewer    | Entered a sewer
  1918 | Sewer    | Noticed a kobold brigand
  1926 | Sewer    | Killed a kobold brigand
  1927 | Sewer    | Reached skill level 5 in Fighting
  1927 | Sewer    | Reached XP level 4. HP: 11/31 MP: 4/4
  1927 | Sewer    | Reached XP level 5. HP: 13/35 MP: 5/5
  2264 | Sewer    | Reached skill level 6 in Ranged Weapons
  2345 | Sewer    | Noticed a kobold brigand
  2363 | Sewer    | Killed a kobold brigand
  2364 | Sewer    | Reached skill level 7 in Ranged Weapons
  2364 | Sewer    | Reached XP level 6. HP: 13/40 MP: 6/6
  2790 | Sewer    | Reached skill level 8 in Ranged Weapons
  2982 | Sewer    | Reached XP level 7. HP: 13/44 MP: 7/7
  3373 | Sewer    | Reached skill level 9 in Ranged Weapons
  3566 | Sewer    | Gained mutation: You have hidden genetic potential. [potion
                  | of mutation]
  3566 | Sewer    | Gained mutation: You are covered in fur. (AC +1) [potion of
                  | mutation]
  3574 | D:3      | Killed Sigmund
  3575 | D:3      | Reached skill level 10 in Ranged Weapons
  4352 | D:3      | Reached XP level 8. HP: 49/49 MP: 8/8
  4545 | D:4      | Reached skill level 5 in Dodging
  4549 | D:4      | Gained mutation: You are partially covered in iridescent
                  | scales. (AC +2) [hidden potential]
  4687 | D:4      | Found Cinev's Jewellery Shoppe.
  4991 | D:4      | Identified the +5 whip "Qutoz" {vamp, rF+ rN+ Int-5 Dex+3}
  5080 | D:4      | Reached skill level 11 in Ranged Weapons
  5094 | D:4      | Noticed Menkaure
  5098 | D:4      | Killed Menkaure
  5291 | D:5      | Entered Level 5 of the Dungeon
  5368 | D:5      | Reached skill level 12 in Ranged Weapons
  5368 | D:5      | Reached XP level 9. HP: 29/54 MP: 9/9
  5505 | D:5      | Gained mutation: Your mind is acute. (Int +4, Str/Dex -1)
                  | [hidden potential]
  5505 | D:5      | Lost mutation: You have hidden genetic potential. [hidden
                  | potential expressed]
  5506 | D:5      | Reached skill level 13 in Ranged Weapons
  5700 | D:5      | Found a bloodstained altar of Trog.
  5928 | D:5      | Reached skill level 14 in Ranged Weapons
  5961 | D:5      | Reached skill level 1 in Evocations
  6255 | D:5      | Noticed Blork the orc
  6261 | D:5      | Killed Blork the orc
  6752 | D:6      | Reached skill level 5 in Evocations
  7008 | D:6      | Reached XP level 10. HP: 56/59 MP: 10/10
  7215 | D:6      | Noticed Grinder
  7230 | D:6      | Killed Grinder
  7799 | D:6      | Found a blossoming altar of Fedhas.
  7817 | D:6      | Found a snail-covered altar of Cheibriados.
  7847 | D:6      | Found a staircase to the Ecumenical Temple.
  8044 | Temple   | Entered the Ecumenical Temple
  8062 | Temple   | Became a worshipper of Hepliaklqana the Forgotten
  8103 | D:7      | Reached skill level 1 in Armour
  8556 | D:7      | Found a flagged portal.
  8570 | Bailey   | Entered a bailey
  8820 | Bailey   | Noticed an orc knight
  9329 | Bailey   | Slain by an orc knight

Illustrated notes

Levels and vault maps discovered:
D:1:      matt_arrival_grand_opening, layout_basic, serial_rivers,
          chequers_serial_rivers_large_a, chequers_serial_rivers_small_a,
          chequers_serial_rivers_micro_b, chequers_serial_rivers_micro_c,
          chequers_serial_rivers_room_b
D:2:      layout_basic, basic_altar
D:3:      minmay_chambers_of_threes, layout_rooms, cheibrodos_sewer_entry_drain,
          hangedman_decor_growths, uniq_sigmund
D:4:      layout_rooms, serial_shops, kennysheep_mini,
          chequers_serial_rivers_micro_a, uniq_menkaure
D:5:      layout_basic, overflow_temple_1_default, uniq_blork_the_orc
D:6:      layout_basic, mainiacjoe_overflow_divided_tiny,
          minmay_temple_entry_overgrown, st_stairs_10, uniq_grinder
D:7:      layout_cave_pods, serial_column_ruins, column_ruins_hut_water,
          column_ruins_circle_medium, column_ruins_corridor_straight,
          column_ruins_columns_T, column_ruins_open_tiny,
          column_ruins_columns_corner, column_ruins_columns_corner,
          column_ruins_open_small, enter_bailey_5
Temple:   sentei_temple_godly_chess
Bailey:   bailey_polearm_1, bailey

Skill      XL: |  1  2  3  4  5  6  7  8  9 10 |
---------------+-------------------------------+-----
Fighting       | 3 5 8 |  8.0
Ranged Weapons | 7 8 10 12 14 | 14.0
Dodging        | 4 6 |  6.0
Evocations     | 6 |  6.0
Armour         | 3 |  3.6
Stealth        | |  1.3

Action                     |  1- 3 |  4- 6 |  7- 9 | 10-12 || total
---------------------------+-------+-------+-------+-------++-------
   Fire: Shortbow          |    72 |    94 |   486 |   230 ||   882
  Evoke: Wand              |       |       |       |     9 ||     9
    Use: Scroll            |     3 |       |     8 |     2 ||    13
         Potion            |       |       |     2 |     6 ||     8
 Armour: Leather armour    |     8 |     9 |    42 |     1 ||    60
         Steam dragon scal |       |       |       |    24 ||    24
  Dodge: Dodged            |    16 |    40 |   217 |   118 ||   391

Table legend: (Time is in decaauts)
 A = Elapsed time spent in this place.
 B = Non-inter-level travel time spent in this place.
 C = Inter-level travel time spent in this place.
 D = Time resting spent in this place.
 E = Time spent auto-exploring this place.
 F = Levels seen in this place.
 G = Mean time per level.
                   A        B        C        D        E       F      G
               +--------+--------+--------+--------+--------+-----+--------+
         Total |   9529 |   9133 |    396 |   2362 |   5085 |  10 |  952.9 |
       Dungeon |   6872 |   6483 |    389 |   1108 |   4202 |   7 |  981.7 |
        Temple |     25 |     18 |      7 |      0 |     10 |   1 |   25.0 |
         Sewer |   1872 |   1872 |      0 |    914 |    726 |   1 | 1872.0 |
        Bailey |    759 |    759 |      0 |    340 |    146 |   1 |  759.0 |
               +--------+--------+--------+--------+--------+-----+--------+

Top non-repeatable levels by time:
   Sewer: 1872 daAuts
     D:5: 1406 daAuts
     D:6: 1321 daAuts
     D:2: 984 daAuts
     D:3: 971 daAuts
     D:1: 933 daAuts
     D:4: 783 daAuts
  Bailey: 759 daAuts
     D:7: 473 daAuts
  Temple: 25 daAuts
